 Dungeon Crawl Stone Soup version 0.23-a0-49-gd9f7a49668 (webtiles) character file.

2050 Rrauwl the Fighter (level 9, -1/80 HPs)
             Began as an Ogre Transmuter on Aug 5, 2018.
             Was a Follower of Okawaru.
             Slain by an unseen horror (7 damage)
             ... on level 7 of the Dungeon.
             The game lasted 00:27:07 (7422 turns).

Rrauwl the Fighter (Ogre Transmuter)                Turns: 7422, Time: 00:27:08

Health: -1/80      AC: 10    Str: 17    XL:     9   Next: 25%
Magic:  10/13      EV: 18    Int: 16    God:    Okawaru [*.....]
Gold:   179        SH:  0    Dex:  9    Spells: 6/14 levels left

rFire    + . .     SeeInvis .     - Unarmed
rCold    . . .     Gourm    +   (no shield)
rNeg     . . .     Faith    .   r - +0 steam dragon scales
rPois    +         Spirit   .   (helmet restricted)
rElec    .         Reflect  .   k - +0 cloak
rCorr    .         Harm     .   (gloves unavailable)
MR       .....                  (boots unavailable)
Stlth    +++.......             o - amulet of the gourmand
HPRegen  0.23/turn              n - +5 ring of evasion
MPRegen  0.13/turn              q - ring of poison resistance

@: appendage, heroism, invisible
A: large, unfitting armour, talons 3, slimy green scales 1, fire resistance 1,
frail 2, tough skin 1
a: End Transformation, Heroism, Renounce Religion


You were on level 7 of the Dungeon.
You worshipped Okawaru.
Okawaru was aware of your devotion.
You were not hungry.
You had grown temporary talons.
You visited 2 branches of the dungeon, and saw 8 of its levels.

You collected 291 gold pieces.
You spent 112 gold pieces at shops.

Inventory:

Missiles
 a - 122 arrows
 b - 7 javelins (quivered)
Armour
 k - a +0 cloak (worn)
 r - +0 steam dragon scales (worn)
Jewellery
 n - a +5 ring of evasion (left hand)
 o - an amulet of the gourmand (around neck)
 q - a ring of poison resistance (right hand)
 s - an uncursed ring of protection from magic
Wands
 f - a wand of iceblast (1)
 l - a wand of paralysis (10)
Scrolls
 c - 4 scrolls of teleportation
 d - a scroll of fog
 g - 2 scrolls of enchant weapon
 i - 3 scrolls of identify
 p - 2 scrolls of remove curse
Potions
 h - 2 potions of flight
 m - a potion of haste
Comestibles
 e - 12 rations


   Skills:
 + Level 9.4(14.4) Fighting
 + Level 1.0(6.0) Armour
 + Level 2.4(7.4) Dodging
 + Level 7.1(12.1) Unarmed Combat
 - Level 3.0 Spellcasting
 + Level 5.2 Transmutations


You had 6 spell levels left.
You knew the following spells:

 Your Spells              Type           Power        Failure   Level  Hunger
a - Beastly Appendage     Tmut           ###...       2%          1    #......
b - Sticks to Snakes      Tmut           ###.....     3%          2    ##.....
c - Blade Hands           Tmut           ###.......   52%         5    ######.

Your spell library contained the following spells:

 Spells                   Type           Power        Failure   Level  Hunger
 Spider Form              Tmut/Pois      ##........   19%         3    ###....
 Ice Form                 Ice/Tmut       ##......     54%         4    #####..


Dungeon Overview and Level Annotations

Branches:
Dungeon (7/15)             Temple (1/1) D:6

Altars:
Ashenzari
Cheibriados
Dithmenos
Elyvilon
Fedhas
Gozag
Hepliaklqana
Kikubaaqudgha
Makhleb
Nemelex Xobeh
Okawaru
Qazlal
Trog
Wu Jian
Xom
Zin
The Shining One

Shops:
D:4 }


Innate Abilities, Weirdness & Mutations

You are too large for most types of armour.
You have tough skin. (AC +1)
You have claws for feet.
You are partially covered in slimy green scales. (AC +2)
Your flesh is heat resistant. (rF+)
You are very frail. (-20% HP)


Message History

You gain the combat prowess of a mighty hero.
Something hits you!
* * * LOW HITPOINT WARNING * * *
You hit something but do no damage. Your kick misses something.
Something misses you. Something hits your ball python!
Your ball python dies!
Something closely misses you. Something hits you but does no damage.
Something hits you.
* * * LOW HITPOINT WARNING * * *
Something hits you.
* * * LOW HITPOINT WARNING * * *
You barely miss something. You claw something.
Something hits you but does no damage. x2
You punch something! Your kick misses something. Something closely misses you.
Something hits you.
* * * LOW HITPOINT WARNING * * *
You fade into invisibility!
Something hits you!
You die...

#...#####.....#######..
#...+...'...........#..
#...#####....######.#..
#...# #.....# #.#..
#...# #.###.# #.###
##'## #.# #.# #.# #.#
#.# #.######.#
#.#####.# #........#
#...{@..# ##########
#########


There were no monsters in sight!

Vanquished Creatures
  A hippogriff (D:7)
  A steam dragon (D:5)
  A hungry ghost (D:7)
  Duvessa (D:4)
  An orc warrior (D:3)
  A sky beast (D:7)
  2 ogres
  2 bullfrogs (D:6)
  A scorpion (D:7)
  4 killer bees (D:7)
  2 howler monkeys
  A centaur zombie (D:5)
  2 centaur skeletons (D:4)
  A gnoll shaman (D:6)
  An orc priest (D:3)
  A hound (D:6)
  3 orc wizards
  Jessica (D:2)
  An iguana (D:5)
  7 worker ants
  A hound skeleton (D:4)
  Robin (D:1)
  6 gnolls
  7 adders
  2 shadow imps
  An ooze (D:3)
  2 adder skeletons (D:4)
  2 worms
  3 dart slugs
  3 leopard geckos
  11 orcs
  5 giant cockroaches
  6 hobgoblins
  10 jackals
  5 kobolds
  3 ball pythons
  7 bats
  3 frilled lizards
  14 goblins
  6 rats
133 creatures vanquished.

Vanquished Creatures (collateral kills)
  Dowan (D:4)
1 creature vanquished.

Vanquished Creatures (others)
  A plant (D:2)
1 creature vanquished.

Grand Total: 135 creatures vanquished

Notes
Turn   | Place    | Note
-------+----------+-------------------------------------------
     0 | D:1      | Rrauwl the Ogre Transmuter began the quest for the Orb.
     0 | D:1      | Reached XP level 1. HP: 19/19 MP: 3/3
   101 | D:1      | Reached XP level 2. HP: 13/28 MP: 5/5
   440 | D:1      | Reached skill level 2 in Fighting
   631 | D:2      | Noticed Jessica
   702 | D:2      | Noticed Robin
   810 | D:1      | Reached XP level 3. HP: 19/35 MP: 7/7
  1165 | D:1      | Killed Robin
  1189 | D:2      | Killed Jessica
  1189 | D:2      | Reached XP level 4. HP: 41/44 MP: 6/8
  1207 | D:2      | Reached skill level 3 in Fighting
  1991 | D:2      | Found a white marble altar of Elyvilon.
  2058 | D:2      | Found a snail-covered altar of Cheibriados.
  2262 | D:2      | Learned a level 2 spell: Sticks to Snakes
  2325 | D:2      | Reached XP level 5. HP: 52/53 MP: 9/9
  2651 | D:3      | Noticed an orc warrior
  2693 | D:3      | Killed an orc warrior
  2693 | D:3      | Reached skill level 4 in Fighting
  2705 | D:3      | Reached XP level 6. HP: 32/63 MP: 8/10
  2896 | D:3      | Learned a level 5 spell: Blade Hands
  2977 | D:3      | Found an ornate altar of the Wu Jian Council.
  3007 | D:3      | Gained mutation: You are partially covered in slimy green scales. (AC +2) [potion of mutation]
  3007 | D:3      | Gained mutation: You are frail. (-10% HP) [potion of mutation]
  3007 | D:3      | Gained mutation: You are very frail. (-20% HP) [potion of mutation]
  3007 | D:3      | Gained mutation: Your flesh is heat resistant. (rF+) [potion of mutation]
  3154 | D:3      | Found a shattered altar of Ashenzari.
  3352 | D:3      | HP: 1/50 [orc (3)]
  3946 | D:4      | Found Pahats's Gadget Shoppe.
  4122 | D:4      | Bought a wand of iceblast (4) for 112 gold pieces
  4141 | D:4      | Reached skill level 5 in Fighting
  4253 | D:4      | Noticed an air elemental
  4254 | D:4      | Found a stormy altar of Qazlal.
  4256 | D:4      | Noticed a water elemental
  4256 | D:4      | Noticed a fire elemental
  4310 | D:4      | Reached XP level 7. HP: 38/57 MP: 11/11
  4721 | D:4      | Noticed Dowan
  4722 | D:4      | Noticed Duvessa
  4738 | D:4      | Killed Dowan
  4761 | D:4      | Killed Duvessa
  4761 | D:4      | Reached skill level 6 in Fighting
  5033 | D:5      | Entered Level 5 of the Dungeon
  5108 | D:5      | Reached skill level 5 in Unarmed Combat
  5376 | D:5      | Noticed a steam dragon
  5388 | D:5      | Killed a steam dragon
  5388 | D:5      | Reached XP level 8. HP: 57/67 MP: 12/12
  5710 | D:6      | Found an ancient bone altar of Kikubaaqudgha.
  5767 | D:6      | Reached skill level 5 in Transmutations
  5768 | D:6      | Reached skill level 7 in Fighting
  6026 | D:6      | Found a staircase to the Ecumenical Temple.
  6031 | Temple   | Entered the Ecumenical Temple
  6144 | Temple   | Became a worshipper of Warmaster Okawaru
  6259 | D:6      | Reached skill level 8 in Fighting
  6499 | D:7      | Noticed a hippogriff
  6516 | D:7      | Killed a hippogriff
  6844 | D:7      | Reached skill level 9 in Fighting
  6844 | D:7      | Reached XP level 9. HP: 78/78 MP: 11/13
  6987 | D:7      | Reached * piety under Okawaru
  7047 | D:7      | Reached skill level 1 in Armour
  7422 | D:7      | Slain by an unseen horror

Vault maps used:
D:1:      lightli_arrival_isolated_outpost
D:2:      elyvilon_altar_5, nicolae_overflow_hidden_temple, chequers_big_river,
          minivault_5, kennysheep_generic_room_10, uniq_jessica, uniq_robin
D:3:      cheibrodos_pilgrimage, lemuel_round_altar, lemuel_doored_altar,
          first_ration, minmay_close_crescents
D:4:      serial_shops, shop, nicolae_qazlal_style_of_elements, uniq_duvessa
D:6:      lemuel_crystal_altar, temple_statues
D:7:      fiery_altar_vehumet, lemuel_round_altar, uniq_pikel
Temple:   nicolae_temple_hex_pool

Skill      XL: |  1  2  3  4  5  6  7  8  9 |
---------------+----------------------------+-----
Dodging        | 2 |  2.4
Transmutations | 2 3 4 5 |  5.2
Fighting       | 2 3 4 5 6 9 |  9.4
Unarmed Combat | 3 4 5 6 7 |  7.1
Spellcasting   | 3 |  3.0
Armour         | 1 |  1.0

Action                   |  1- 3 |  4- 6 |  7- 9 || total
-------------------------+-------+-------+-------++-------
Melee: Unarmed           |   119 |   327 |   265 ||   711
       Headbutt          |     1 |    16 |    10 ||    27
       Kick              |     4 |    24 |    34 ||    62
       Punch             |     1 |     2 |     6 ||     9
Throw: Javelin           |       |       |     3 ||     3
 Cast: Beastly Appendage |     5 |    17 |    22 ||    44
       Sticks to Snakes  |       |       |    15 ||    15
Invok: Heroism           |       |       |     1 ||     1
Evoke: Wand              |       |     8 |     4 ||    12
  Use: Scroll            |     3 |     4 |     2 ||     9
       Potion            |     3 |     6 |     6 ||    15
 Stab: Paralysed         |       |    19 |    10 ||    29
       Distracted        |       |       |     2 ||     2
       Invisible         |       |       |     3 ||     3
  Eat: Chunk             |     1 |     8 |    26 ||    35
       Ration            |       |     1 |       ||     1
Armor: Robe              |    22 |    96 |    21 ||   139
       Steam dragon scal |       |       |    57 ||    57
Dodge: Dodged            |    59 |   174 |   190 ||   423

Table legend:
 A = Spawn XP
 B = Non-spawn XP
 C = Spawn XP percentage of total XP
 D = Spawn monster count
 E = Non-spawn monster count
 F = Spawn count percentage of total count
 G = Total turns spent on level
                    A         B        C        D         E        F      G
               +---------+---------+-------+---------+---------+-------+---------
         Total |       0 |    2929 |   0.0 |       0 |     134 |   0.0 |  7422
               +---------+---------+-------+---------+---------+-------+---------
           D:1 |       0 |      52 |   0.0 |       0 |      19 |   0.0 |   973
           D:2 |       0 |     119 |   0.0 |       0 |      26 |   0.0 |  1998
           D:3 |       0 |     314 |   0.0 |       0 |      35 |   0.0 |   960
           D:4 |       0 |     499 |   0.0 |       0 |      13 |   0.0 |  1102
           D:5 |       0 |     411 |   0.0 |       0 |      12 |   0.0 |   658
           D:6 |       0 |     643 |   0.0 |       0 |      17 |   0.0 |   683
           D:7 |       0 |     891 |   0.0 |       0 |      12 |   0.0 |   923
               +---------+---------+-------+---------+---------+-------+---------
